 Dungeon Crawl Stone Soup version 0.31-a0-182-gc5ef74bbde (webtiles) character file.

Game seed: 9320728260180034777

58514 voltaire321 the Zephyrmancer (level 14, -19/77 HPs)
             Began as a Tengu Air Elementalist on June 1, 2023.
             Was the Champion of Hepliaklqana.
             Demolished by a two-headed ogre
             ... wielding a +0 dire flail
              (21 damage)
             ... on level 2 of the Orcish Mines on June 21, 2023.
             The game lasted 01:10:17 (19881 turns).

voltaire321 the Zephyrmancer (TeAE)                Turns: 19881, Time: 01:10:17

Health: -19/77     AC: 19    Str: 13    XL:     14   Next: 90%
Magic:  24/24      EV: 22    Int: 16    God:    Hepliaklqana [******]
Gold:   3229       SH: 11    Dex: 17    Spells: 12/25 levels left

rFire   . . .        A - +5 trident (elec)
rCold   . . .        v - +0 kite shield
rNeg    . . .        F - +2 ring mail "Ynumeb" {+Blink}
rPois   .            q - +0 hat
rElec   .            C - +2 cloak
rCorr   +            Q - +1 pair of gloves
SInv    .            (boots unavailable)
Will    ++...        l - amulet of magic regeneration
Stlth   ++           B - +4 ring of protection
HPRegen 0.32/turn    p - ring of Doors {+Blink Will+ rCorr EV+5 Dex+2}
MPRegen 0.59/turn

%: no passive effects
@: about to teleport, flying quickly and evasively, quick
A: reduced essence, beak, talons 3, nimble flight
a: Renounce Religion, Evoke Blink, Recall Ancestor, Ancestor Identity,
Transference, Idealise


You were on level 2 of the Orcish Mines.
You worshipped Hepliaklqana.
Hepliaklqana was exalted by your worship.
You visited 4 branches of the dungeon, and saw 19 of its levels.
You also visited: Sewer.

You collected 3229 gold pieces.

Inventory:

Hand Weapons
 a - the +5 sling of Botraesk {drain, *Slow rElec rN++ Int+3}
   (You found it on level 3 of the Dungeon)

   Int:       It affects your intelligence (+3).
   rElec:     It insulates you from electricity.
   rN:        It greatly protects you from negative energy.
   *Slow:     It may slow you when you take damage.
 A - a +5 trident of electrocution (weapon)
 E - the +7 morningstar "Kunitrea" {elec, Drain rC+ rCorr}
   (You found it on level 6 of the Dungeon)

   rC:        It protects you from cold.
   rCorr:     It protects you from acid and corrosion.
   Drain:     It drains your maximum health when unequipped.
Missiles
 y - 4 curare-tipped darts
Armour
 q - a +0 hat (worn)
 t - a +2 robe of the Archmagi
 v - a +0 kite shield (worn)
 C - a +2 cloak (worn)
 F - the +2 ring mail "Ynumeb" (worn) {+Blink}
   (You found it on level 6 of the Dungeon)

   +Blink:    It lets you blink.
 Q - a +1 pair of gloves (worn)
Jewellery
 h - a ring of protection from cold
 l - an amulet of magic regeneration (around neck)
 p - the ring of Doors (right hand) {+Blink Will+ rCorr EV+5 Dex+2}
   (You found it on level 2 of the Dungeon)

   [ring of evasion]

   EV:        It affects your evasion (+5).
   Dex:       It affects your dexterity (+2).
   +Blink:    It lets you blink.
   rCorr:     It protects you from acid and corrosion.
   Will:      It increases your willpower.
 z - a +6 ring of intelligence
 B - a +4 ring of protection (left hand)
 H - a +4 ring of protection
 I - a ring of ice
 K - a ring of positive energy
Wands
 f - a wand of flame (40)
 M - a wand of paralysis (20)
 O - a wand of mindburst (16)
Scrolls
 c - 5 scrolls of amnesia
 e - 2 scrolls of teleportation
 g - 6 scrolls of enchant weapon
 w - 2 scrolls of fog
 x - 3 scrolls of butterflies
 L - 2 scrolls of revelation
Potions
 b - a potion of magic
 d - 7 potions of might
 i - 2 potions of berserk rage
 j - a potion of heal wounds
 n - 3 potions of haste
 o - 3 potions of enlightenment {unknown}
 r - 11 potions of curing
 u - 3 potions of brilliance
 D - a potion of ambrosia


   Skills:
 + Level 9.2 Fighting
 + Level 9.2 Polearms
 + Level 9.8 Armour
 + Level 10.2 Dodging
 - Level 2.4 Stealth
 + Level 7.9 Shields
 - Level 6.0 Spellcasting
 - Level 8.0 Conjurations
 + Level 12.3 Air Magic
 - Level 8.0 Invocations
 + Level 8.7 Evocations


You had 12 spell levels left.
You knew the following spells:

 Your Spells              Type           Power      Damage    Failure   Level
a - Shock                 Conj/Air       100%       1d9       1%          1
b - Static Discharge      Conj/Air       74%        2-6/arc   1%          2
c - Swiftness             Air            44%        N/A       1%          3
d - Airstrike             Air            22%        2d(4-20)  4%          4
e - Vhi's Electric Charg  Tloc/Air       48%        N/A       16%         3

Your spell library contained the following spells:

 Spells                   Type           Power      Damage    Failure   Level
 Foxfire                  Conj/Fire      68%        2x1d7     13%         1
 Cigotuvi's Dreadful Rot  Necr/Pois/Air  34%        N/A       19%         2
 Arcjolt                  Conj/Air       18%        1d28      28%         5
 Beastly Appendage        Tmut           8%         N/A       56%         1
 Ensorcelled Hibernation  Hex/Ice        8%         N/A       71%         2
 Passwall                 Tmut/Erth      3%         N/A       71%         2
 Sublimation of Blood     Necr           4%         N/A       71%         2
 Wereblood                Tmut           4%         N/A       71%         2
 Fulminant Prism          Conj/Hex       8%         3d6       78%         4
 Iskenderun's Mystic Bla  Conj/Tloc      17%        2d5       78%         4
 Spider Form              Tmut/Pois      4%         N/A       90%         3
 Volatile Blastmotes      Fire/Tloc      8%         2d10      90%         3
 Fireball                 Conj/Fire      8%         3d6       98%         5
 Irradiate                Conj/Tmut      8%         3d14      98%         5
 Anguish                  Hex/Necr       2%         N/A       100%        4
 Cause Fear               Hex            2%         N/A       100%        4
 Dispel Undead            Necr           4%         3d7       100%        4
 Petrify                  Tmut/Erth      4%         N/A       100%        4
 Lee's Rapid Deconstruct  Erth           2%         3d4*      100%        5
 Death Channel            Necr           2%         N/A       100%        6
 Plasma Beam              Fire/Air       12%        2x1d23    100%        6
 Starburst                Conj/Fire      8%         6d4       100%        6
 Enfeeble                 Hex            2%         N/A       100%        7
 Summon Hydra             Summ           2%         N/A       100%        7
 Maxwell's Capacitive Co  Air            22%        ∞         100%        8


Dungeon Overview and Level Annotations

Branches:
Dungeon (11/15)            Temple (1/1) D:4            Lair (5/5) D:11
 Shoals (0/4) Lair:2       Spider (0/4) Lair:2        Slime (0/5) Lair:4
    Orc (2/2) D:9             Elf (0/3) Orc:2         Sewer (visited)

Altars:
Ashenzari
Cheibriados
Dithmenos
Elyvilon
Fedhas
Gozag
Hepliaklqana
Kikubaaqudgha
Makhleb
Nemelex Xobeh
Okawaru
Qazlal
Ru
Sif Muna
Trog
Uskayaw
Vehumet
Wu Jian
Xom
Yredelemnul
Zin
The Shining One
Jiyva

Shops:
D:4 :   D:6 :   Orc:2 *?


Innate Abilities, Weirdness & Mutations

Your life essence is reduced to manifest your ancestor. (-10% HP)
You have a beak for a mouth.
You have claws for feet.
Your magical nature lets you fly swiftly and evasively.


Message History

Something hits you but does no damage. You block something's attack.
You hear some strange, mumbled words.
Something tries to affect you, but you resist.
You hear some strange, mumbled words.
Something tries to affect you, but you resist.
You hear some strange, mumbled words.
The two-headed ogre seems to speed up.
Something closely misses you. Something hits you but does no damage.
You block something's attack. Something hits you but does no damage.
You hear some strange, mumbled words.
The two-headed ogre seems to speed up.
You hear some strange, mumbled words.
A bolt of magma appears from out of thin air!
The bolt of magma misses you. Something closely misses you. Something hits you.
You hear some strange, mumbled words.
A bolt of magma appears from out of thin air!
The bolt of magma hits you!!
* * * LOW HITPOINT WARNING * * *
Okay, then.
You feel much better.
An ogre mage appears from thin air!
Reactivating autopickup.
The ogre mage hits you from afar with a +0 spear.
As you read the scroll of teleportation, it crumbles to dust.
You feel strangely unstable.
An ogre mage appears from thin air!
The ogre mage barely misses you.
The two-headed ogre hits you with a +0 dire flail!
* * * LOW HITPOINT WARNING * * *
You block the two-headed ogre's attack. The ogre mage closely misses you.
The two-headed ogre attacks as you move away!
You block the two-headed ogre's attack. The two-headed ogre misses you.
The two-headed ogre attacks as you move away!
The two-headed ogre hits you with a +0 dire flail!
* * * LOW HITPOINT WARNING * * *
The two-headed ogre misses you.
The two-headed ogre attacks as you move away!
The two-headed ogre hits you with a +0 dire flail!!
You die...

##.....##.....#### #............#
### ##### ##..........## #.###
....# ##........## ##...# #..###
###......# ###...#### #
.....####.##....## ###.#......###
.>...#.##.......####...........#.
......####......)O.#...........##
###....#.....#..@O....O........#.
# #....#....####.OOO.....#.....O.
####......#######.......###......
.#.........###.#...#.....#.....#.
.............##...###...###....##
...................#..........###
.....).#........##.##.........# #
.....####..#...######...÷....## #
.....# #####....# ###.....## #


You could see 3 two-headed ogres and 3 ogre magi.

Vanquished Creatures
  A fire dragon (Lair:5)
  Fannar (Lair:1)
  3 hydras (Lair:5)
  A death yak (Lair:5)
  A two-headed ogre (D:11)
  A skyshark (Lair:5)
  A lindwurm (Lair:5)
  An orc sorcerer (Orc:2)
  A wolf spider (Lair:2)
  A manticore (D:11)
  5 black mambas
  8 elephants
  A molten gargoyle (Lair:5)
  A torpor snail (Lair:2)
  8 cane toads
  4 rime drakes
  Maggie (D:9)
  8 komodo dragons
  3 trolls
  A polar bear (Lair:1)
  4 dream sheep
  15 blink frogs
  Sigmund (D:3)
  2 wraiths (Lair:4)
  26 yaks
  5 wyverns
  2 spriggans (Lair:4)
  10 basilisks
  4 vampire mosquitoes (D:11)
  A steam dragon (Lair:5)
  A warg (Orc:2)
  8 water moccasins
  An acid dragon (D:10)
  4 hell hounds (Lair:5)
  A swamp drake (D:9)
  Pargi (Sewer)
  7 orc warriors
  A black bear (D:6)
  8 ogres
  5 wolves
  2 centaurs (Lair:2)
  2 kobold brigands (D:9)
  5 bullfrogs
  A scorpion (D:4)
  Dowan (D:6)
  9 killer bees (D:9)
  4 howler monkeys
  An electric eel (Lair:1)
  5 lava snakes (Lair:5)
  3 jellies
  12 orc priests
  Crazy Yiuf (D:5)
  A hound (D:5)
  A sleepcap (D:6)
  4 iguanas
  10 orc wizards
  Robin (D:4)
  13 gnolls
  7 adders
  A river rat (D:3)
  A shadow imp (D:6)
  2 white imps
  4 ufetubi
  3 worms
  A dart slug (D:5)
  36 orcs
  11 ball pythons
  4 endoplasms
  7 giant cockroaches
  15 goblins
  8 hobgoblins
  8 jackals
  12 kobolds
  7 quokkas
  12 bats
  10 frilled lizards
  15 rats
399 creatures vanquished.

Vanquished Creatures (collateral kills)
  Nessos (Lair:4)
  Josephine (Lair:4)
  3 hydras
  2 death yaks (Lair:5)
  A two-headed ogre (Orc:2)
  An orc knight (Orc:1)
  9 elephants
  4 black mambas
  A molten gargoyle (Lair:5)
  4 cane toads
  2 unseen horrors
  A rime drake (Lair:2)
  5 komodo dragons
  2 polar bears
  2 trolls
  9 blink frogs
  Grinder (D:3)
  7 dream sheep
  18 yaks
  2 wyverns
  A spriggan (Lair:4)
  Eustachio (D:5)
  2 wraiths (Lair:4)
  A warg (Orc:2)
  Edmund (D:6)
  An acid dragon (D:11)
  5 water moccasins
  Duvessa (D:6)
  4 orc warriors
  2 sky beasts (D:7)
  A black bear (D:6)
  A wolf (Lair:5)
  2 ogres
  A kobold brigand (D:6)
  4 bullfrogs
  3 gnoll sergeants
  A killer bee (D:9)
  4 howler monkeys
  4 orc priests
  Terence (D:3)
  14 orc wizards
  6 gnolls
  2 adders
  A white imp (D:6)
  20 orcs
  A giant cockroach (D:4)
  4 goblins (D:4)
  2 hobgoblins
  2 jackals (D:4)
  A ball python (Sewer)
  2 frilled lizards
  7 kobolds
  A butterfly (Lair:1)
180 creatures vanquished.

Vanquished Creatures (others)
  11 hexers
  An ancestor (D:4)
12 creatures vanquished.

Grand Total: 591 creatures vanquished

Notes
Turn   | Place    | Note
-------+----------+-------------------------------------------
     0 | D:1      | voltaire321 the Tengu Air Elementalist began the quest for
                  | the Orb.
     0 | D:1      | Reached XP level 1. HP: 10/10 MP: 4/4
   224 | D:1      | Reached XP level 2. HP: 15/15 MP: 0/6
   593 | D:1      | Reached XP level 3. HP: 19/19 MP: 4/7
   787 | D:2      | Found a hazy altar of Hepliaklqana.
   796 | D:2      | Became a worshipper of Hepliaklqana the Forgotten
  1190 | D:2      | Learned a level 2 spell: Static Discharge
  1194 | D:2      | Learned a level 3 spell: Swiftness
  1348 | D:2      | Reached XP level 4. HP: 24/24 MP: 8/8
  1474 | D:2      | Identified the ring of Doors {+Blink Will+ rCorr EV+5
                  | Dex+2}
  2103 | D:3      | Reached skill level 1 in Armour
  2121 | D:3      | Reached * piety under Hepliaklqana
  2145 | D:3      | Gained mutation: Your magical nature lets you fly swiftly
                  | and evasively. [Tengu growth]
  2145 | D:3      | Reached XP level 5. HP: 23/25 MP: 9/9
  2179 | D:3      | Reached skill level 1 in Fighting
  2191 | D:3      | Found a glowing drain.
  2196 | Sewer    | Entered a sewer
  2306 | Sewer    | Noticed Pargi
  2334 | Sewer    | Killed Pargi
  2335 | Sewer    | Reached skill level 5 in Air Magic
  2335 | Sewer    | Reached skill level 1 in Invocations
  2335 | Sewer    | Reached skill level 1 in Evocations
  2335 | Sewer    | Reached XP level 6. HP: 16/30 MP: 6/11
  2560 | D:3      | Noticed Terence
  2571 | D:3      | Killed Terence
  2651 | D:3      | Learned a level 4 spell: Airstrike
  2716 | D:3      | Noticed Sigmund
  2725 | D:3      | Killed Sigmund
  2805 | D:3      | Reached XP level 7. HP: 32/36 MP: 9/12
  2935 | D:3      | Identified the +5 sling of Botraesk {drain, *Slow rElec
                  | rN++ Int+3}
  2974 | D:3      | Found a faded altar of an unknown god.
  3065 | D:3      | Noticed Grinder
  3066 | D:3      | Paralysed by Grinder for 3 turns
  3072 | D:3      | Killed Grinder
  3493 | D:3      | Reached XP level 8. HP: 22/40 MP: 14/14
  3614 | D:4      | Found Gifrey's Book Emporium.
  3619 | D:4      | Noticed Robin
  3627 | D:4      | Killed Robin
  3849 | D:4      | Reached ** piety under Hepliaklqana
  3853 | D:4      | Remembered your ancestor Amyrtaeus as a hexer
  3925 | D:4      | Found a staircase to the Ecumenical Temple.
  3934 | Temple   | Entered the Ecumenical Temple
  4221 | D:4      | Reached skill level 6 in Air Magic
  4280 | D:4      | Reached skill level 1 in Polearms
  4523 | D:5      | Entered Level 5 of the Dungeon
  4523 | D:5      | Found a snail-covered altar of Cheibriados.
  4523 | D:5      | Found a bloodstained altar of Trog.
  4523 | D:5      | Found a sparkling altar of Nemelex Xobeh.
  4523 | D:5      | Found a basalt altar of Yredelemnul.
  4563 | D:5      | Noticed Eustachio
  4572 | D:5      | Killed Eustachio
  4891 | D:5      | Reached skill level 5 in Conjurations
  5150 | D:5      | Found a runed translucent door.
  5151 | D:5      | Noticed Crazy Yiuf
  5156 | D:5      | Killed Crazy Yiuf
  5231 | D:5      | You are sucked into a shaft and drop 1 floor!
  5241 | D:6      | Reached XP level 9. HP: 45/45 MP: 14/16
  5298 | D:6      | Found an opulent altar of Gozag.
  5307 | D:6      | Noticed Edmund
  5314 | D:6      | Reached skill level 1 in Shields
  5319 | D:6      | Killed Edmund
  5329 | D:6      | Found an ornate altar of the Wu Jian Council.
  5336 | D:6      | Identified the +7 morningstar "Kunitrea" {elec, Drain rC+
                  | rCorr}
  5389 | D:6      | Noticed Duvessa
  5390 | D:6      | Reached skill level 5 in Dodging
  5394 | D:6      | Killed Duvessa
  5395 | D:6      | Noticed Dowan
  5400 | D:6      | Killed Dowan
  5401 | D:6      | Reached skill level 7 in Air Magic
  5806 | D:6      | Identified the +2 ring mail "Ynumeb" {+Blink}
  5957 | D:6      | Found Ishrosm's Tremendous Tomes.
  6102 | D:7      | Reached *** piety under Hepliaklqana
  6737 | D:8      | Learned a level 3 spell: Vhi's Electric Charge
  6981 | D:8      | Reached XP level 10. HP: 41/52 MP: 17/17
  7211 | D:8      | Identified a scroll of acquirement
  7211 | D:8      | Acquired 1014 gold pieces
  7411 | D:8      | Reached skill level 5 in Armour
  7539 | D:8      | Found Foseedgh's Assorted Antiques.
  7579 | D:8      | Reached **** piety under Hepliaklqana
  7672 | D:8      | Upgraded the game from 0.31-a0-128-g25add195a6 to
                  | 0.31-a0-182-gc5ef74bbde
  8029 | D:9      | Found a staircase to the Orcish Mines.
  8115 | D:9      | Reached skill level 5 in Spellcasting
  8140 | D:9      | Reached skill level 8 in Air Magic
  8162 | D:9      | Reached skill level 5 in Fighting
  8442 | D:9      | Reached XP level 11. HP: 23/57 MP: 16/19
  8443 | D:9      | Reached skill level 5 in Evocations
  8522 | D:9      | Noticed Maggie
  8534 | D:9      | Killed Maggie
  8855 | D:9      | Found a glowing golden altar of the Shining One.
  9051 | D:10     | Entered Level 10 of the Dungeon
  9276 | D:10     | Found a blossoming altar of Fedhas.
  9280 | D:10     | Found an ancient bone altar of Kikubaaqudgha.
 10003 | D:11     | Reached ***** piety under Hepliaklqana
 10200 | D:11     | Noticed a manticore
 10211 | D:11     | Killed a manticore
 10212 | D:11     | Reached skill level 5 in Polearms
 10319 | D:11     | Noticed a two-headed ogre
 10327 | D:11     | Killed a two-headed ogre
 10328 | D:11     | Reached skill level 5 in Invocations
 11096 | D:11     | Reached skill level 9 in Air Magic
 11154 | D:11     | Found a staircase to the Lair.
 11392 | Lair:1   | Entered Level 1 of the Lair of Beasts
 11472 | Lair:1   | Reached XP level 12. HP: 44/63 MP: 22/22
 11503 | Lair:1   | Noticed Fannar
 11505 | Lair:1   | Reached skill level 5 in Shields
 11986 | Lair:1   | Killed Fannar
 12387 | Lair:2   | Found a staircase to the Shoals.
 12693 | Lair:2   | Reached skill level 10 in Air Magic
 12915 | Lair:2   | Found a hole to the Spider Nest.
 13405 | Lair:2   | Reached XP level 13. HP: 68/68 MP: 23/23
 14774 | Lair:4   | Reached skill level 11 in Air Magic
 14777 | Lair:4   | Noticed Nessos
 14795 | Lair:4   | Killed Nessos
 15072 | Lair:4   | Noticed Josephine
 15083 | Lair:4   | Killed Josephine
 15277 | Lair:4   | Reached ****** piety under Hepliaklqana
 15316 | Lair:4   | Found a viscous altar of Jiyva.
 15317 | Lair:4   | Found a staircase to the Slime Pits.
 15439 | Lair:4   | Reached XP level 14. HP: 75/75 MP: 20/24
 16210 | Lair:5   | Entered Level 5 of the Lair of Beasts
 17596 | Lair:5   | Found a large runed translucent door.
 17616 | Lair:5   | Reached skill level 12 in Air Magic
 18067 | Lair:5   | Reached skill level 10 in Dodging
 18254 | Lair:5   | Found a large runed translucent door.
 18821 | Orc:1    | Entered Level 1 of the Orcish Mines
 18930 | Orc:2    | Entered Level 2 of the Orcish Mines
 19734 | Orc:2    | Found a staircase to the Elven Halls.
 19828 | Orc:2    | Found Mabaor's Magic Scroll Shop.
 19828 | Orc:2    | Found Oxauna's Assorted Antiques.
 19880 | Orc:2    | HP: 2/77 [two-headed ogre/+0 dire flail (11)]
 19881 | Orc:2    | Demolished by a two-headed ogre

Illustrated notes

Levels and vault maps discovered:
D:1:      scummos_arrival_checkerplants, layout_basic
D:2:      minmay_thinvault, layout_rooms, basic_altar, cheibrodos_gnoll_hut
D:3:      layout_loops_corners, basic_ecumenical_altar, gup_sewer_entry_bowl,
          uniq_sigmund, uniq_terence, uniq_grinder
D:4:      layout_basic, minmay_temple_entry_gardened_gates, serial_shops,
          nicolae_diamond_shop, kennysheep_potato, uniq_robin
D:5:      corexii_shack_village, layout_basic,
          chequers_temple_overflow_statue_of_worship, uniq_eustachio,
          uniq_crazy_yiuf_cottage
D:6:      layout_rooms, mainiacjoe_overflow_catch_the_wave, serial_curves,
          eino_curves_02, eino_curves_02, nicolae_shop_i_like_big_books,
          uniq_duvessa, uniq_edmund
D:7:      layout_rooms, serial_curves, eino_curves_04, eino_curves_03
D:8:      layout_rooms, serial_co_window_serial, co_window_paths_a,
          co_window_of_opportunity_a, co_window_paths_a, co_window_corner_a,
          co_window_corner_a, co_window_broadway_b, co_window_paths_c,
          co_window_unsneaky_path_c, co_window_of_opportunity_c,
          co_window_of_opportunity_c, co_window_2corner, co_window_broadway_c,
          glass_columns_a, serial_shops, shop
D:9:      layout_big_octagon, tso_oasis_becter, erik_orc_1, uniq_maggie
D:10:     layout_stronghold, grunt_temple_overflow_growth_and_decay
D:11:     layout_irregular_city, erik_lair_dragon, serial_column_ruins,
          column_ruins_hut_pillars, column_ruins_corridor_straight,
          column_ruins_open_tiny, column_ruins_grid_4, column_ruins_open_tiny,
          column_ruins_open_tiny, column_ruins_grid_1
Temple:   nicolae_temple_figure_eight
Lair:1:   layout_misc_corridors, grunt_megastairs_4, infiniplex_staircase_pool,
          serial_bayou_shore_a, lemuel_fruit_tree, lemuel_fruit_fields,
          uniq_fannar
Lair:2:   layout_cave_pods, minmay_shoals_entry_centaurs,
          spider_nest_entry_rubble, nicolae_lair_lil_pond
Lair:3:   layout_roguey
Lair:4:   layout_hall_layers, slime_entry_1, nicolae_quartered_pool_medium,
          wad_woods_02, uniq_josephine, uniq_nessos
Lair:5:   cheibrodos_lair_end_hotspot, layout_regular_city
Orc:1:    layout_caves
Orc:2:    st_orc_ogre_mass, layout_diamond_mine

Skill      XL: |  1  2  3  4  5  6  7  8  9 10 11 12 13 14 |
---------------+-------------------------------------------+-----
Conjurations   | 2 3 4 5 6 7 8 |  8.0
Armour         | 1 2 3 4 5 6 7 8 9 |  9.8
Fighting       | 1 2 3 4 5 6 7 8 9 |  9.2
Dodging        | 3 4 5 6 7 8 9 10 | 10.2
Air Magic      | 5 6 7 8 9 10 11 12 | 12.3
Invocations    | 1 2 3 4 5 6 7 8 |  8.0
Evocations     | 1 2 3 4 5 6 7 8 |  8.7
Spellcasting   | 3 4 5 6 |  6.0
Polearms       | 2 3 4 5 7 8 9 |  9.2
Shields        | 2 3 4 6 7 |  7.9
Stealth        | |  2.4

Action                     |  1- 3 |  4- 6 |  7- 9 | 10-12 | 13-15 || total
---------------------------+-------+-------+-------+-------+-------++-------
  Melee: Dagger            |    21 |       |       |       |       ||    21
         Kick              |     5 |    11 |    40 |   109 |   161 ||   326
         Peck              |     2 |    11 |    27 |    78 |   114 ||   232
         Great mace        |     9 |    77 |     8 |       |       ||    94
         Trident           |       |       |   220 |   443 |   526 ||  1189
         Punch             |       |       |     2 |       |       ||     2
   Fire: Sling             |       |       |    22 |       |       ||    22
  Throw: Dart              |       |       |       |       |    10 ||    10
   Cast: Shock             |    40 |    30 |    24 |    96 |    20 ||   210
         Static Discharge  |       |       |       |     1 |       ||     1
         Airstrike         |       |       |       |       |    88 ||    88
 Invoke: Recall Ancestor   |       |       |     4 |     5 |     4 ||    13
         Ancestor Life: He |       |       |     1 |       |       ||     1
         Ancestor Identity |       |       |       |       |     1 ||     1
  Evoke: Wand              |       |       |       |     9 |     4 ||    13
    Use: Scroll            |       |       |    13 |    11 |     8 ||    32
         Potion            |       |       |       |     2 |     1 ||     3
   Stab: Sleeping          |     7 |     3 |     9 |       |     2 ||    21
         Confused          |       |       |     3 |     7 |    11 ||    21
         Distracted        |       |       |     5 |     8 |    11 ||    24
 Armour: Robe              |    11 |    17 |     9 |       |       ||    37
         Ring mail         |       |       |     8 |    97 |    83 ||   188
  Dodge: Dodged            |    21 |   102 |   143 |   299 |   319 ||   884
  Block: Kite shield       |       |       |     1 |   224 |   235 ||   460

Table legend: (Time is in decaauts)
 A = Elapsed time spent in this place.
 B = Non-inter-level travel time spent in this place.
 C = Inter-level travel time spent in this place.
 D = Time resting spent in this place.
 E = Time spent auto-exploring this place.
 F = Levels seen in this place.
 G = Mean time per level.
                   A        B        C        D        E       F      G
               +--------+--------+--------+--------+--------+-----+--------+
         Total |  19087 |  18260 |    827 |   4428 |   8952 |  20 |  954.3 |
       Dungeon |  10603 |  10023 |    580 |   1766 |   5551 |  11 |  963.9 |
        Temple |    196 |    178 |     18 |      0 |    148 |   1 |  196.0 |
          Lair |   7024 |   6833 |    191 |   2338 |   2758 |   5 | 1404.8 |
  Orcish Mines |    994 |    957 |     37 |    246 |    420 |   2 |  497.0 |
         Sewer |    267 |    267 |      0 |     78 |     73 |   1 |  267.0 |
               +--------+--------+--------+--------+--------+-----+--------+

Top non-repeatable levels by time:
  Lair:5: 2339 daAuts
  Lair:2: 1498 daAuts
    D:11: 1392 daAuts
     D:2: 1305 daAuts
  Lair:4: 1280 daAuts
     D:3: 1231 daAuts
     D:8: 1200 daAuts
     D:9: 1183 daAuts
  Lair:3: 962 daAuts
  Lair:1: 943 daAuts
    D:10: 865 daAuts
     D:4: 753 daAuts
     D:5: 748 daAuts
     D:6: 718 daAuts
     D:1: 709 daAuts
